 Dungeon Sprint DCSS version 0.28.0 (webtiles) character file.

Game seed: 1241416946731418009

184 rocky1 the Blocker (level 5, -9/48 HPs)
             Began as a Minotaur Fighter on Feb 7, 2022.
             Was a Follower of Okawaru.
             Mangled by an ogre (29 damage)
             ... in the Dungeon (Sprint VII: "The Pits").
             The game lasted 00:01:23 (556 turns).

rocky1 the Blocker (Minotaur Fighter)                Turns: 556, Time: 00:01:24

Health: -9/48      AC:  7    Str: 22    XL:     5   Next: 36%
Magic:  3/5        EV: 10    Int:  5    God:    Okawaru [*.....]
Gold:   0          SH:  6    Dex: 10    Spells: 4/4 levels left

rFire   . . .      SeeInvis .   a - +0 war axe
rCold   . . .      Faith    .   c - +0 buckler
rNeg    . . .      Spirit   .   b - +0 scale mail
rPois   .          Reflect  .   (helmet restricted)
rElec   .          Harm     .   (no cloak)
rCorr   .          Rampage  .   (no gloves)
Will    .....      NoTele   +   (no boots)
Stlth   ..........              (no amulet)
HPRegen 0.16/turn               (no ring)
MPRegen 0.09/turn               (no ring)

@: no status effects
A: horns 2, retaliatory headbutt
a: Renounce Religion, Heroism


You were in the Dungeon.
You worshipped Okawaru.
Okawaru was aware of your devotion.
You visited 1 branch

Inventory:

Hand Weapons
 a - a +0 war axe (weapon)
Armour
 b - a +0 scale mail (worn)
 c - a +0 buckler (worn)
Scrolls
 j - a scroll of blinking
 l - 5 scrolls of amnesia
Potions
 d - a potion of might
 e - a potion of curing
 f - a potion of heal wounds
 g - a potion of haste
 h - 4 potions of magic
 i - 3 potions of berserk rage
 k - 2 potions of invisibility


   Skills:
 - Level 5.0 Fighting
 + Level 8.2 Axes
 - Level 5.0 Armour
 - Level 2.8 Dodging
 - Level 8.9 Shields
 - Level 2.5 Invocations


You had 4 spell levels left.
You didn't know any spells.
Your spell library was empty.

Dungeon Overview and Level Annotations

Branches:
Dungeon (1/1)

Altars:
Ashenzari
Cheibriados
Dithmenos
Elyvilon
Fedhas
Gozag
Hepliaklqana
Kikubaaqudgha
Makhleb
Nemelex Xobeh
Okawaru
Qazlal
Ru
Sif Muna
Trog
Uskayaw
Vehumet
Wu Jian
Xom
Yredelemnul
Zin
The Shining One
Beogh
Jiyva
Lugonu


Innate Abilities, Weirdness & Mutations

You have a pair of horns on your head.
You reflexively headbutt those who attack you in melee.


Message History

Unknown command.
Unknown command.
You slash the floating eye!
You kill the floating eye!
Okawaru accepts your kill.
You can now gain great but temporary skills.
You slash the orc!
You kill the orc!
Okawaru accepts your kill.
Your Fighting skill gained 2 levels and is now at level 5!
Your Axes skill increases to level 8!
Your Armour skill gained 2 levels and is now at level 5!
Your Dodging skill gained 2 levels and is now at level 2!
Your Invocations skill gained 2 levels and is now at level 2!
You have reached level 5!
Unknown command.
Unknown command.
An ogre and a ball python zombie come into view.
The ogre shouts!
There is an open door here.
You hit the ogre.
The ogre is lightly wounded.
The ogre barely misses you.
You barely miss the ogre.
The ogre is lightly wounded.
The ogre hits you with a +0 giant club!!
You slash the ogre!
The ogre is moderately wounded.
The ogre barely misses you.
You hit the ogre but do no damage.
You headbutt the ogre, but do no damage.
The ogre is moderately wounded.
You hit the ogre.
The ogre is heavily wounded.
The ogre hits you with a +0 giant club.
You hit the ogre.
The ogre is severely wounded.
The ogre hits you with a +0 giant club!!
Ouch! That really hurt!
You die...

#.?(.')))'.##......#.
##########.##........
#..........÷'........
#+#####'#####......#.
#..#†.# #........
#..)..# ####'####
#..#### #.......#
#..#..# #.......#
#.@#Z.# #.......#
##O#..#+###...<...#
#.Z......##.......#
#..).....##.......#
###########.......#
#########


You could see an ogre and a ball python zombie.

Vanquished Creatures
  A floating eye (D)
  A scorpion (D)
  A river rat (D)
  An adder (D)
  An orc (D)
  2 jackals (D)
  A bat (D)
  A kobold (D)
9 creatures vanquished.

Notes
Turn   | Place    | Note
-------+----------+-------------------------------------------
     0 | D        | rocky1 the Minotaur Fighter began the quest for the Orb.
     0 | D        | Reached XP level 1. HP: 19/19 MP: 0/0
    17 | D        | Reached skill level 5 in Shields
    17 | D        | Reached XP level 2. HP: 26/26 MP: 1/1
    21 | D        | Found a bloodstained altar of Trog.
    21 | D        | Found a shimmering blue altar of Sif Muna.
    21 | D        | Found a viscous altar of Jiyva.
    21 | D        | Found a hazy altar of Hepliaklqana.
    21 | D        | Found an opulent altar of Gozag.
    22 | D        | Found a glowing golden altar of the Shining One.
    22 | D        | Found a glowing silver altar of Zin.
    22 | D        | Found a basalt altar of Yredelemnul.
    22 | D        | Found a shimmering altar of Xom.
    22 | D        | Found an ornate altar of the Wu Jian Council.
    22 | D        | Found a sacrificial altar of Ru.
    22 | D        | Found a stormy altar of Qazlal.
    22 | D        | Found an iron altar of Okawaru.
    22 | D        | Found a sparkling altar of Nemelex Xobeh.
    22 | D        | Found a burning altar of Makhleb.
    22 | D        | Found a blossoming altar of Fedhas.
    22 | D        | Found a white marble altar of Elyvilon.
    22 | D        | Found a shadowy altar of Dithmenos.
    22 | D        | Found a snail-covered altar of Cheibriados.
    25 | D        | Found a corrupted altar of Lugonu.
    25 | D        | Found a radiant altar of Vehumet.
    26 | D        | Found an ancient bone altar of Kikubaaqudgha.
    26 | D        | Found a hide-covered altar of Uskayaw.
    26 | D        | Found a broken altar of Ashenzari.
    30 | D        | Became a worshipper of Warmaster Okawaru
    66 | D        | Noticed a scorpion
    71 | D        | Killed a scorpion
    72 | D        | Reached XP level 3. HP: 21/31 MP: 2/2
    72 | D        | Reached XP level 4. HP: 26/39 MP: 3/3
   540 | D        | Noticed a floating eye
   542 | D        | Paralysed by a floating eye for 3 turns
   546 | D        | Killed a floating eye
   546 | D        | Reached * piety under Okawaru
   547 | D        | Reached skill level 5 in Fighting
   547 | D        | Reached skill level 5 in Armour
   547 | D        | Reached XP level 5. HP: 48/48 MP: 3/5
   547 | D        | Noticed an ogre
   556 | D        | Mangled by an ogre

Illustrated notes

Levels and vault maps discovered:
D:        pitsprint [storerooms_1, entrance_room_1, metal_vault_1, armoury_2,
          mini_pit_1, grid_room_1, main_hall_1, silver_pit, the_coven_2,
          the_vestibule_1, steel_vault_4, golden_pit, hallway_of_sentries,
          crystal_vault_2, iron_vault_1, final_vault]

Skill      XL: |  1  2  3  4 |
---------------+-------------+-----
Axes           | 4 7 8 |  8.2
Shields        | 5 7 8 |  8.9
Fighting       | 5 |  5.0
Armour         | 5 |  5.0
Dodging        | 2 |  2.8
Invocations    | 2 |  2.5

Action                   |  1- 3 |  4- 6 || total
-------------------------+-------+-------++-------
Melee: War axe           |     9 |    18 ||    27
       Headbutt          |     2 |     1 ||     3
Armor: Scale mail        |     4 |     4 ||     8
Dodge: Dodged            |     3 |     7 ||    10
Block: Buckler           |     2 |       ||     2
